 Dungeon Crawl Stone Soup version 0.21-a0 (webtiles) character file.

180 Lexie the Magician (level 5, -6/32 HPs)
             Began as an Octopode Wizard on May 19, 2017.
             Mangled by a phantom (10 damage)
             ... on level 3 of the Dungeon.
             The game lasted 00:06:28 (5594 turns).

Lexie the Magician (Octopode Wizard)                Turns: 5594, Time: 00:06:28

Health: -6/32      AC:  1    Str:  6    XL:     5   Next: 60%
Magic:  1/11       EV: 13    Int: 22    God:
Gold:   203        SH:  0    Dex: 10    Spells: 4/13 levels left

rFire    . . .     SeeInvis .   x - +0 dagger
rCold    . . .     Gourm    .   (no shield)
rNeg     . . .     Faith    .   a - +0 hat
rPois    .         Spirit   .   (no amulet)
rElec    .         Reflect  .   (no ring)
rCorr    .         Harm     .   (no ring)
MR       .....                  (no ring)
Stlth    +++.......             (no ring)
Regen    0.1/turn               (no ring)
MPRegen  0.2/turn               (no ring)
                                (no ring)
                                (no ring)

@: no status effects
A: almost no armour, stealthy swim, amphibious, 8 rings, constrict 8, camouflage
1, gelatinous body 1
a: no special abilities


You were on level 3 of the Dungeon.
You were very hungry.

You visited 1 branch of the dungeon, and saw 4 of its levels.

You collected 203 gold pieces.

Inventory:

Hand Weapons
 s - a +1 dagger of venom
 x - a +0 dagger (weapon)
Armour
 a - a +0 hat (worn)
Jewellery
 w - an uncursed amulet of faith
Wands
 t - a wand of random effects (25/48)
 y - a wand of clouds (7/9)
Scrolls
 g - 3 scrolls of teleportation {unknown}
 h - a scroll of remove curse {unknown}
 i - 3 scrolls of blinking {unknown}
 m - 2 scrolls of fog {unknown}
 n - a scroll of random uselessness {unknown}
 o - a scroll of enchant armour {unknown}
 r - a scroll of immolation {unknown}
 u - 2 scrolls of fear {unknown}
Potions
 d - 3 potions of lignification {unknown}
 e - 3 potions of might {unknown}
 f - 2 potions of ambrosia {unknown}
 j - 2 potions of curing {unknown}
 k - a potion of haste {unknown}
 l - a potion of degeneration {unknown}
 p - 2 potions of heal wounds {unknown}
 v - a potion of brilliance {unknown}
Books
 b - a book of Minor Magic

   Spells                             Type                      Level
   a - Magic Dart                     Conjuration                  1
   b - Blink                          Translocation                2
   c - Call Imp                       Summoning                    2
   d - Slow                           Hexes                        2
   e - Conjure Flame                  Conjuration/Fire             3
   f - Mephitic Cloud                 Conjuration/Poison/Air       3
Comestibles
 c - 4 bread rations
 q - a royal jelly


   Skills:
 - Level 0.4 Fighting
 - Level 2.4 Dodging
 - Level 3.1 Stealth
 - Level 0.6 Unarmed Combat
 + Level 4.6 Spellcasting
 + Level 2.8 Conjurations
   Level 1.0 Summonings
 - Level 1.0 Translocations


You had 4 spell levels left.
You knew the following spells:

 Your Spells              Type           Power        Failure   Level  Hunger
a - Magic Dart            Conj           ###.         3%          1    None
b - Blink                 Tloc           N/A          11%         2    None
c - Conjure Flame         Conj/Fire      ##......     17%         3    ##.....
d - Mephitic Cloud        Conj/Pois/Air  #.......     22%         3    ##.....


Dungeon Overview and Level Annotations

Branches:
Dungeon (4/15)
 Temple: D:4-7

Altars:
Trog


Innate Abilities, Weirdness & Mutations

You cannot wear most types of armour.
You are very stealthy in the water. (Stealth+)
You are amphibious.
You can wear up to eight rings at the same time.
You can use your tentacles to constrict eight enemies at once.
Your skin changes colour to match your surroundings (Stealth+).
Your rubbery body absorbs attacks. (AC +1, EV +1)


Message History

Casting: Magic Dart
Confirm with . or Enter, or press ? or * to list all spells.
Aiming: Magic Dart
Press: ? - help, Shift-Dir - straight line, f/p - phantom
Aim: a phantom (heavily damaged)
The magic dart hits the phantom.
The phantom is heavily damaged.
The phantom hits you.
* * * LOW HITPOINT WARNING * * *
The phantom barely misses you.
You climb upwards.
There is a stone staircase leading down here.
Casting: Magic Dart
Confirm with . or Enter, or press ? or * to list all spells.
You blink.
Casting: Blink
Confirm with . or Enter, or press ? or * to list all spells.
You blink.
The phantom hits you!
You die...

#..........##.##..######.....
#####...#####...÷....###.....##..
...............##.######.....##..
................#........>...##..
.....(.....)...##..#####.....##.#
.##.#....####..##§.# #.....##.#
)##.#..........##..# ########..
.##.#....#####.##W.#### #......##
.##.#....# #.#@[....# #.####.#
.##....<.# #.#...##<###.####.#
#####...## #.#.............#.#
#.[.######.....##.###......#
##...........####.# #......## #
#..###..###.....(# #.##.....
######.........#.###### #.####.##
.........##..#.#.# #.####.#
######.####......# #......#


You could see a phantom.

Vanquished Creatures
  Robin (D:3)
  7 adders
  4 worms
  5 dart slugs
  2 leopard geckos
  2 orcs (D:3)
  A ball python (D:2)
  7 bats
  4 giant cockroaches
  16 goblins
  4 hobgoblins
  4 jackals (D:2)
  10 kobolds
  A quokka (D:2)
  3 frilled lizards
  12 rats
83 creatures vanquished.

Notes
Turn   | Place    | Note
-------+----------+-------------------------------------------
     0 | D:1      | Lexie the Octopode Wizard began the quest for the Orb.
     0 | D:1      | Reached XP level 1. HP: 11/11 MP: 4/4
   127 | D:1      | You fall through a shaft!
   301 | D:1      | Reached XP level 2. HP: 12/17 MP: 1/6
   989 | D:1      | Reached XP level 3. HP: 17/21 MP: 2/7
  2599 | D:2      | Reached XP level 4. HP: 23/27 MP: 1/9
  2793 | D:2      | Found a bloodstained altar of Trog.
  2905 | D:2      | Learned a level 2 spell: Blink
  2913 | D:2      | Learned a level 3 spell: Conjure Flame
  2917 | D:2      | Learned a level 3 spell: Mephitic Cloud
  3261 | D:2      | Reached skill level 4 in Spellcasting
  3945 | D:3      | Reached XP level 5. HP: 22/32 MP: 3/11
  4330 | D:3      | Noticed Robin
  4527 | D:3      | Killed Robin
  5267 | D:4      | Noticed a phantom
  5594 | D:3      | Mangled by a phantom

Vault maps used:
D:1:      dpeg_arrival_lava_altar, serial_glass, glass_columns_a,
          glass_columns_c, glass_columns_a, glass_columns_a, glass_columns_a
D:2:      bloody_trog
D:3:      uniq_robin
D:4:      grunt_temple_overflow_order_and_chaos_1, first_bread, abandoned_shop

Skill      XL: |  1  2  3  4 |
---------------+-------------+-----
Stealth        | 3 |  3.1
Spellcasting   | 4 |  4.6
Conjurations   | 2 |  2.8
Fighting       | |  0.4
Dodging        | |  2.4
Unarmed Combat | |  0.6
Summonings     | |  1.0
Translocations | |  1.0

Action                   |  1- 3 |  4- 6 || total
-------------------------+-------+-------++-------
Melee: Unarmed           |    23 |     8 ||    31
       Constrict         |     8 |     2 ||    10
       Tentacles         |     4 |     1 ||     5
       Dagger            |       |     2 ||     2
 Cast: Magic Dart        |    94 |   166 ||   260
       Mephitic Cloud    |       |     1 ||     1
       Blink             |       |     2 ||     2
  Eat: Chunk             |     4 |     9 ||    13
Armor: Skin              |     4 |     4 ||     8
Dodge: Dodged            |    23 |    24 ||    47
